 Dungeon Crawl Stone Soup version 0.29.1-15-g9cfb28693d (webtiles) character file.

Game seed: 15029376522122666283

1213 croobank the Sneak (level 8, -28/58 HPs)
             Began as a Human Fire Elementalist on Apr 15, 2023.
             Was a Follower of Sif Muna.
             Annihilated by a two-headed ogre
             ... wielding a +0 giant spiked club
              (34 damage)
             ... on level 6 of the Dungeon.
             The game lasted 00:20:08 (7309 turns).

croobank the Sneak (Human Fire Elementalist)        Turns: 7309, Time: 00:20:09

Health: -28/58     AC:  5    Str:  8    XL:     8   Next: 74%
Magic:  9/13       EV: 13    Int: 23    God:    Sif Muna [*.....]
Gold:   323        SH:  0    Dex: 15    Spells: 2/14 levels left

rFire   . . .      SeeInvis .   b - +0 sling (elec)
rCold   . . .      Faith    .   (no shield)
rNeg    . . .      Spirit   .   f - +0 robe
rPois   .          Reflect  .   c - +0 helmet
rElec   .          Harm     .   w - +1 cloak
rCorr   .          Rampage  .   (no gloves)
Will    .....                   (no boots)
Stlth   +++.......              (no amulet)
HPRegen 0.19/turn               g - +6 ring of intelligence
MPRegen 0.13/turn               (no ring)

@: very slightly contaminated
A: no striking features
a: Renounce Religion, Channel Magic


You were on level 6 of the Dungeon.
You worshipped Sif Muna.
Sif Muna was aware of your devotion.
You visited 2 branches of the dungeon, and saw 7 of its levels.

You collected 323 gold pieces.

Inventory:

Hand Weapons
 a - the +5 dagger of Melee {freeze, rPois Str-4 Int+8 Dex-3}
   (You found it on level 3 of the Dungeon)

   It freezes those it strikes, dealing additional cold damage.
   It can also slow down cold-blooded creatures.
   Str:       It affects your strength (-4).
   Int:       It affects your intelligence (+8).
   Dex:       It affects your dexterity (-3).
   rPois:     It protects you from poison.
 b - a +0 sling of electrocution (weapon)
 i - a +3 falchion of holy wrath
 p - a +0 trident
 r - a +0 vorpal hand axe
 s - a +2 dagger of draining
 u - a +2 hammer of protection
 v - a +2 quarterstaff of chaos
 A - a +0 war axe
 G - a +1 falchion of electrocution
Missiles
 h - 14 poisoned darts
 m - a throwing net
 y - a boomerang
 E - 3 boomerangs of dispersal
Armour
 c - a +0 helmet (worn)
 f - a +0 robe (worn)
 t - a +0 ring mail
 w - a +1 cloak (worn)
 C - a +0 leather armour
 I - a +2 ring mail of cold resistance
Jewellery
 g - a +6 ring of intelligence (left hand)
Scrolls
 d - 2 scrolls of magic mapping
 D - a scroll of amnesia
 H - a scroll of poison
Potions
 e - 2 potions of brilliance
 j - 2 potions of curing
 k - a potion of mutation
 l - a potion of resistance
 n - a potion of magic
 o - 3 potions of flight {unknown}
 q - 2 potions of degeneration {unknown}
 x - a potion of invisibility {unknown}
 z - a potion of ambrosia
 B - a potion of lignification {unknown}
 F - a potion of heal wounds


   Skills:
 + Level 3.2 Fighting
 * Level 1.3 Armour
 + Level 4.0 Dodging
 + Level 4.9 Stealth
 + Level 3.7 Spellcasting
 + Level 3.5 Conjurations
 + Level 2.3 Hexes
 + Level 4.5 Fire Magic
 + Level 2.4 Invocations


You had 2 spell levels left.
You knew the following spells:

 Your Spells              Type           Power      Damage    Failure   Level
a - Foxfire               Conj/Fire      88%        2x1d8     1%          1
b - Scorch                Fire           50%        2d8       2%          2
c - Inner Flame           Hex/Fire       20%        N/A       8%          3
d - Flame Wave            Conj/Fire      22%        2d8       21%         4
e - Searing Ray           Conj           40%        2d5       3%          2

Your spell library contained the following spells:

 Spells                   Type           Power      Damage    Failure   Level
 Magic Dart               Conj           80%        1d7       2%          1
 Call Imp                 Summ           4%         N/A       16%         2
 Conjure Flame            Conj/Fire      22%        6-21      6%          3
 Stone Arrow              Conj/Erth      24%        3d8       16%         3
 Mephitic Cloud           Conj/Pois/Air  9%         N/A       21%         3
 Fulminant Prism          Conj/Hex       8%         3d7       32%         4
 Animate Armour           Summ/Erth      8%         N/A       71%         4
 Lehudib's Crystal Spear  Conj/Erth      6%         10d3      100%        8


Dungeon Overview and Level Annotations

Branches:
Dungeon (6/15)             Temple (1/1) D:4

Altars:
Ashenzari
Cheibriados
Dithmenos
Elyvilon
Gozag
Kikubaaqudgha
Okawaru
Ru
Sif Muna
Trog
Vehumet
Xom
Yredelemnul
Zin

Shops:
D:5 =

Portals:
Abyss: D:6

Annotations:
D:6 Seidenschwarz's ghost, novice MiFi


Message History

The two-headed ogre is lightly wounded.
The foxfire hits the two-headed ogre but does no damage.
The two-headed ogre is lightly wounded.
Casting: Foxfire (safe; 1% risk of failure)
Confirm with . or Enter, or press ? or * to list all spells.
Flames lash the two-headed ogre.
The two-headed ogre is moderately wounded.
The two-headed ogre's fire resistance burns away.
The foxfire hits the two-headed ogre.
The two-headed ogre is burned terribly!
The two-headed ogre is moderately wounded.
The foxfire hits the two-headed ogre but does no damage.
The two-headed ogre is moderately wounded.
Casting: Scorch (safe; 2% risk of failure)
Confirm with . or Enter, or press ? or * to list all spells.
Flames lash the two-headed ogre.
The two-headed ogre is burned terribly!
The two-headed ogre is heavily wounded.
Casting: Scorch (safe; 2% risk of failure)
Confirm with . or Enter, or press ? or * to list all spells.
Flames lash the two-headed ogre.
The two-headed ogre is heavily wounded.
Casting: Scorch (safe; 2% risk of failure)
Confirm with . or Enter, or press ? or * to list all spells.
You don't have enough magic to cast this spell.
Magic courses through your body.
The two-headed ogre closely misses you. x2
Casting: Scorch (safe; 2% risk of failure)
Confirm with . or Enter, or press ? or * to list all spells.
Flames lash the two-headed ogre.
The two-headed ogre is heavily wounded.
Casting: Scorch (safe; 2% risk of failure)
Confirm with . or Enter, or press ? or * to list all spells.
You miscast Scorch.
You are very lightly contaminated with residual magic.
Nothing appears to happen.
The two-headed ogre hits you with a +0 giant spiked club!!
The two-headed ogre hits you with a +0 giant club!!
* * * LOW HITPOINT WARNING * * *
The two-headed ogre attacks as you move away!
The two-headed ogre hits you with a +0 giant spiked club!!
Ouch! That really hurt!
You die...

..# ...#x##......#
.#^. ####.x##.....#
#..^∩##.#...##.....###
#...#..##g##.........
.#?..##..###....##.##.
.#. #.........##.#
##........##.#
#####.....#.#
##.##..@...#
...u#.O.####
.####...†..#
......##.# ........# #
........# #...#####
#... ###


You could see a green ugly thing and a two-headed ogre (combustible).

Vanquished Creatures
  A steam dragon (D:6)
  Menkaure (D:4)
  A water moccasin (D:6)
  An ice beast (D:5)
  2 scorpions
  A hound (D:5)
  A jelly (D:4)
  An orc priest (D:5)
  Crazy Yiuf (D:2)
  Jessica (D:3)
  4 iguanas
  2 orc wizards (D:4)
  Natasha (thrice) (D:2)
  6 gnolls (D:5)
  8 adders
  A white imp (D:5)
  7 worms
  5 dart slugs
  18 orcs
  8 ball pythons
  6 endoplasms
  2 giant cockroaches
  6 goblins
  12 hobgoblins
  3 quokkas
  6 bats
  7 frilled lizards
  14 kobolds
  8 rats
137 creatures vanquished.

Vanquished Creatures (others)
  177 foxfires
  A fungus (D:2)
178 creatures vanquished.

Grand Total: 315 creatures vanquished

Notes
Turn   | Place    | Note
-------+----------+-------------------------------------------
     0 | D:1      | croobank the Human Fire Elementalist began the quest for
                  | the Orb.
     0 | D:1      | Reached XP level 1. HP: 13/13 MP: 3/3
   159 | D:1      | Reached XP level 2. HP: 10/19 MP: 0/5
   300 | D:1      | Learned a level 2 spell: Scorch
   656 | D:1      | Reached XP level 3. HP: 25/25 MP: 1/6
  1213 | D:3      | Reached XP level 4. HP: 31/31 MP: 1/7
  1350 | D:3      | Reached skill level 1 in Fighting
  1866 | D:2      | Found a faded altar of an unknown god.
  2329 | D:2      | Found a runed translucent door.
  2333 | D:2      | Noticed Crazy Yiuf
  2355 | D:2      | Killed Crazy Yiuf
  2356 | D:2      | Reached XP level 5. HP: 37/37 MP: 2/8
  2619 | D:2      | Noticed Natasha
  2628 | D:2      | Killed Natasha
  2841 | D:2      | Noticed Natasha
  2850 | D:2      | Killed Natasha
  3003 | D:2      | Noticed Natasha
  3006 | D:2      | Killed Natasha
  3007 | D:2      | Reached XP level 6. HP: 44/44 MP: 5/10
  3323 | D:3      | Learned a level 4 spell: Flame Wave
  3331 | D:3      | Learned a level 3 spell: Inner Flame
  3473 | D:3      | Noticed Jessica
  3474 | D:3      | Killed Jessica
  3693 | D:3      | Identified the +5 dagger of Melee {freeze, rPois Str-4
                  | Int+8 Dex-3}
  4029 | D:4      | Found a staircase to the Ecumenical Temple.
  4037 | Temple   | Entered the Ecumenical Temple
  4083 | Temple   | Became a worshipper of Sif Muna the Loreminder
  4478 | D:4      | Reached XP level 7. HP: 41/50 MP: 0/11
  4596 | D:4      | Reached skill level 1 in Invocations
  4761 | D:4      | Reached skill level 1 in Hexes
  4780 | D:4      | Found a shadowy altar of Dithmenos.
  5118 | D:4      | Noticed Menkaure
  5124 | D:4      | Killed Menkaure
  5496 | D:5      | Entered Level 5 of the Dungeon
  5496 | D:5      | Found Tuudgh's Jewellery Shop.
  5642 | D:5      | Reached * piety under Sif Muna
  5643 | D:5      | Reached XP level 8. HP: 57/57 MP: 8/13
  6032 | D:5      | Learned a level 2 spell: Searing Ray
  7158 | D:6      | Reached skill level 1 in Armour
  7220 | D:6      | Noticed Seidenschwarz's ghost (novice MiFi)
  7229 | D:6      | Found a one-way gate to the infinite horrors of the Abyss.
  7233 | D:6      | Noticed a green ugly thing
  7271 | D:6      | Noticed a toenail golem
  7297 | D:6      | Noticed a two-headed ogre
  7309 | D:6      | Annihilated by a two-headed ogre

Illustrated notes

Levels and vault maps discovered:
D:1:      lemuel_arrival_tunnels, layout_rooms
D:2:      layout_loops_corners, dreamdust_ecumenical_altar_grove,
          minmay_octomino_c4, uniq_crazy_yiuf_cottage, uniq_natasha
D:3:      layout_rooms, uniq_jessica
D:4:      layout_loops_corners, mainiacjoe_overflow_alcove_2,
          minmay_temple_entry_drinking_statues, uniq_menkaure
D:5:      layout_rooms, serial_shops, nicolae_shop_hallway_stairs
D:6:      layout_basic, gammafunk_ghost_abyssal_escape
Temple:   nicolae_temple_god_jail

Skill      XL: |  1  2  3  4  5  6  7  8 |
---------------+-------------------------+-----
Fighting       | 1 2 3 |  3.2
Stealth        | 3 4 |  4.9
Conjurations   | 2 3 |  3.5
Dodging        | 3 4 |  4.0
Spellcasting   | 3 |  3.7
Invocations    | 1 2 |  2.4
Hexes          | 1 2 |  2.3
Fire Magic     | 4 |  4.5
Armour         | 1 |  1.3

Action                   |  1- 3 |  4- 6 |  7- 9 || total
-------------------------+-------+-------+-------++-------
Melee: Dagger            |     5 |    23 |    18 ||    46
       Unarmed           |     2 |       |       ||     2
       Punch             |     1 |     1 |       ||     2
       Short sword       |     5 |       |       ||     5
 Fire: Sling             |     6 |    71 |    27 ||   104
 Cast: Foxfire           |    28 |    29 |    48 ||   105
       Scorch            |     9 |    46 |    32 ||    87
       Flame Wave        |       |       |     1 ||     1
  Use: Scroll            |       |    11 |     4 ||    15
       Potion            |       |       |     3 ||     3
 Stab: Sleeping          |       |     1 |     1 ||     2
Armor: Robe              |     3 |    12 |     5 ||    20
Dodge: Dodged            |    11 |    35 |    35 ||    81
